Map: Deathaura LE

Players

Kelazhur

  • Race: Terran Terran
  • League: Master
  • Spawn Location: 5:00

Erik - Winner!

  • Race: Zerg Zerg
  • Spawn Location: 11:00

Event: DreamHack SC2 Masters 2020 Fall

VOD

Have the link to the VOD?

Description

Time

  • Played on: Aug. 29, 2020, 2:47 p.m.
  • Length: 17:33

All games in this series

Show
View Real Time Build Order
Export as new Build Order

Kelazhur Terran 

Build Orders: Reaper Expand, Mech 

Get SALT Encoding   

  12  0:00  SCV  
  13  0:12  SCV  
  14  0:17  Supply Depot  
  14  0:24  SCV  
  15  0:38  SCV  
  15  0:40  Barracks  
  16  0:43  Refinery  
  16  0:50  SCV  
  17  1:02  SCV  
  18  1:15  SCV  
  19  1:27  Reaper, Orbital Command  
  20  1:37  Command Center  
  20  1:45  Supply Depot  
  20  1:52  SCV  
  21  1:58  Marine  
  22  2:03  Factory  
  22  2:05  SCV  
  23  2:12  Refinery  
  23  2:17  SCV  
  23  2:20  Barracks Reactor  
  24  2:29  SCV  
  25  2:41  SCV  
  26  2:50  Orbital Command  
  26  2:53  SCV  
  26  2:56  Starport  
  27  3:05  SCV  
  27  3:10  Hellion x2  
  32  3:13  Barracks Tech Lab  
  32  3:16  SCV  
  32  3:17  SCV  
  34  3:28  SCV  
  34  3:32  Supply Depot  
  34  3:33  SCV  
  34  3:34  Fusion Core  
  36  3:39  Hellion x2  
  40  3:42  SCV  
  40  3:45  SCV  
  40  3:46  Supply Depot  
  42  3:54  SCV  
  43  3:57  SCV  
  44  4:05  Command Center  
  44  4:06  SCV  
  45  4:11  SCV  
  45  4:17  Hellion x2  
  53  4:19  SCV  
  53  4:23  SCV  
  55  4:33  Battlecruiser  
  55  4:34  SCV  
  55  4:37  Refinery x2  
  55  4:38  SCV, Hellion  
  62  4:42  Supply Depot  
  62  5:03  SCV x2, Factory  
  62  5:04  Hellion, Factory  
  62  5:06  Hellion  
  61  5:15  Armory, Engineering Bay  
  61  5:16  SCV x2  
  61  5:17  Orbital Command  
  63  5:26  Hellion  
  63  5:28  SCV, Hellion  
  68  5:29  SCV  
  69  5:36  Barracks Tech Lab  
  69  5:40  SCV  
  69  5:41  SCV  
  69  5:42  Orbital Command  
  69  5:47  Hellion  
  69  5:49  Hellion, Starport Reactor  
  73  5:52  SCV  
  73  5:53  SCV  
  75  6:03  Supply Depot  
  75  6:04  SCV, Refinery  
  75  6:05  SCV, Supply Depot  
  75  6:06  Refinery  
  75  6:07  SCV  
  75  6:09  Siege Tank  
  75  6:10  Siege Tank  
  84  6:16  SCV  
  85  6:21  Terran Vehicle Weapons Level 1  
  85  6:22  Supply Depot  
  85  6:25  SCV x2, Hellion x2  
  91  6:26  Command Center  
  91  6:28  SCV  
  92  6:37  SCV x2  
  94  6:40  SCV  
  94  6:44  Siege Tank x2  
  94  6:45  Factory  
  101  6:47  Factory  
  101  6:49  SCV x2  
  101  6:52  Liberator x2  
  109  6:56  Supply Depot  
  109  7:04  Supply Depot  
  109  7:07  Supply Depot  
  109  7:13  Infernal Pre-Igniter  
  109  7:18  SCV x3, Hellion x2  
  116  7:25  Supply Depot  
  116  7:26  Armory, Siege Tank x2  
  122  7:30  SCV x2  
  122  7:31  Factory Reactor, Factory Tech Lab  
  122  7:33  SCV  
  125  7:37  Supply Depot  
  125  7:42  SCV x2  
  127  7:45  SCV  
  127  7:48  Hellion x2  
  132  7:54  SCV x2  
  132  7:57  SCV  
  138  8:01  Thor x3  
  144  8:05  Missile Turret  
  144  8:06  SCV, Refinery x2  
  144  8:10  SCV x2  
  144  8:11  Missile Turret  
  141  8:16  Missile Turret  
  141  8:22  SCV x3  
  141  8:23  Missile Turret  
  144  8:30  Planetary Fortress  
  139  8:34  SCV x2  
  139  8:43  Terran Vehicle Weapons Level 2, Terran Vehicle And Ship Armor Level 1  
  139  8:47  SCV x2  
  142  8:48  SCV  
  138  8:58  Cyclone  
  138  8:59  SCV x2, Cyclone  
  138  9:00  SCV  
  139  9:08  Missile Turret  
  137  9:11  SCV  
  128  9:19  Hellion x3, Thor  
  128  9:20  SCV x2, Hellion  
  128  9:21  SCV  
  128  9:23  SCV  
  142  9:32  SCV  
  142  9:33  SCV x2, Siege Tank x2  
  142  9:35  SCV  
  142  9:36  Missile Turret  
  152  9:41  Missile Turret  
  152  9:44  Supply Depot  
  152  9:45  Supply Depot  
  151  9:46  Supply Depot  
  151  9:56  Command Center  
  151  9:58  Command Center  
  150  10:06  SCV x4, Thor  
  158  10:08  Mag-Field Accelerator  
  158  10:09  Factory Reactor, Factory Tech Lab  
  158  10:11  Hellion x3, Factory Tech Lab  
  164  10:18  SCV x2  
  159  10:22  Hellion  
  159  10:25  SCV x2  
  163  10:28  Command Center  
  163  10:29  Missile Turret  
  163  10:31  Supply Depot, Missile Turret  
  163  10:32  Sensor Tower  
  163  10:34  Missile Turret, Thor, Sensor Tower  
  169  10:44  Factory  
  169  10:45  Factory  
  168  10:51  Thor  
  168  10:52  Thor  
  174  10:58  Missile Turret  
  174  11:05  Terran Vehicle And Ship Armor Level 2, Factory  
  174  11:06  Terran Vehicle Weapons Level 3  
  174  11:15  Hellion x2  
  174  11:16  Hellion  
  180  11:31  Supply Depot  
  180  11:32  Supply Depot  
  170  11:41  Hellion x4  
  170  11:44  Siege Tank x3  
  170  11:46  Factory Reactor, Factory Tech Lab  
  187  11:49  Missile Turret x2  
  187  12:01  Missile Turret  
  187  12:02  Missile Turret  
  187  12:03  Missile Turret  
  187  12:05  Missile Turret  
  187  12:06  Missile Turret  
  187  12:10  SCV  
  187  12:14  SCV  
  175  12:16  Siege Tank x3  
  181  12:23  SCV  
  181  12:24  SCV  
  181  12:26  Command Center  
  182  12:30  SCV  
  182  12:31  SCV  
  180  12:46  Smart Servos  
  180  12:47  Factory Tech Lab  
  180  12:48  Siege Tank x2  
  180  12:50  SCV x3  
  180  12:51  Missile Turret x2  
  179  12:55  SCV  
  179  12:57  Siege Tank  
  170  13:06  Hellion  
  170  13:09  Hellion x3  
  170  13:10  Hellion  
  170  13:11  Hellion  
  170  13:12  Hellion, Siege Tank  
  168  13:22  Supply Depot  
  168  13:23  Supply Depot x3  
  168  13:26  Terran Vehicle And Ship Armor Level 3  
  168  13:35  Command Center  
  168  13:37  Siege Tank x3  
  177  13:44  Siege Tank  
  180  13:48  Command Center  
  180  13:49  Command Center  
  180  13:54  Missile Turret  
  180  13:55  Missile Turret  
  180  13:59  Refinery  
  173  14:08  Hellion x3  
  173  14:09  Siege Tank x3  
  172  14:16  Siege Tank  
  175  14:19  Orbital Command  
  175  14:25  Sensor Tower  
  169  14:38  Hellion  
  169  14:39  Hellion x5  
  169  14:41  Cyclone, Siege Tank  
  179  14:57  Missile Turret  
  179  15:00  Missile Turret  
  179  15:01  Missile Turret  
  179  15:02  Hellion  
  174  15:14  Terran Ship Weapons Level 1  
  174  15:16  Thor x2  
  186  15:22  Missile Turret  
  186  15:24  Orbital Command, Missile Turret  
  186  15:32  Planetary Fortress  
  186  15:40  Siege Tank x2  
  186  15:41  Hellion x3  
  196  15:52  Liberator x2  
  196  15:54  Refinery x2  
  183  15:58  Missile Turret  
  183  15:59  Missile Turret  
  157  16:26  Hellion  
  157  16:28  Hellion  
  157  16:30  Orbital Command, Thor x3  
  157  16:32  Hellion, Orbital Command  
  154  16:37  Hellion  
  137  16:46  Hellion  
  127  16:50  Thor  
  127  16:53  Missile Turret  
Show
View Real Time Build Order
Export as new Build Order

Erik Zerg - Winner!

Build Orders: Hatch First, Lurkers, Muta Ling Bane 

Get SALT Encoding   

  12  0:00  Drone  
  13  0:08  Drone  
  14  0:14  Extractor  
  14  0:15  Drone  
  15  0:36  Hatchery  
  15  0:41  Extractor  
  15  0:42  Drone  
  15  0:47  Overlord  
  15  1:02  Spawning Pool  
  14  1:06  Drone  
  14  1:09  Drone  
  16  1:13  Drone  
  16  1:15  Extractor  
  16  1:18  Drone  
  17  1:28  Drone  
  18  1:38  Drone  
  19  1:49  Queen x2  
  19  1:50  Zergling x2  
  24  1:55  Drone  
  24  1:59  Drone  
  26  2:02  Overlord  
  26  2:10  Drone  
  26  2:11  Drone  
  28  2:17  Metabolic Boost  
  28  2:22  Drone x2  
  30  2:28  Queen  
  32  2:33  Overlord  
  32  2:39  Zergling x2  
  35  2:44  Drone x2  
  35  2:53  Drone  
  35  2:54  Drone  
  37  2:59  Drone x6  
  41  3:14  Drone x2  
  43  3:24  Hatchery  
  43  3:26  Overlord  
  42  3:28  Queen  
  42  3:29  Overlord  
  42  3:31  Overlord  
  44  3:46  Zergling x10  
  49  3:49  Drone x4  
  53  4:01  Drone x2  
  53  4:02  Lair  
  55  4:09  Overlord, Extractor  
  54  4:10  Overlord  
  54  4:11  Drone x2  
  54  4:12  Baneling Nest  
  54  4:16  Drone x4  
  59  4:18  Queen  
  61  4:27  Extractor  
  61  4:30  Zergling x4  
  62  4:33  Drone  
  62  4:36  Queen  
  62  4:37  Extractor  
  62  4:38  Overlord  
  64  4:40  Drone x4  
  64  4:41  Spore Crawler  
  64  4:44  Spore Crawler  
  66  4:48  Drone x3  
  64  5:09  Drone x7  
  64  5:13  Overseer  
  71  5:19  Hydralisk Den  
  70  5:23  Evolution Chamber x2  
  70  5:24  Zergling x8  
  70  5:25  Zergling x6  
  75  5:32  Drone  
  75  5:35  Drone  
  77  5:36  Drone  
  77  5:39  Spore Crawler  
  77  5:41  Drone, Extractor  
  77  5:47  Drone x8  
  79  5:57  Zerg Melee Weapons Level 1  
  79  5:59  Zerg Missile Weapons Level 1, Drone x3  
  79  6:03  Drone x2  
  79  6:04  Drone  
  85  6:06  Drone  
  86  6:12  Spire  
  86  6:16  Drone x5  
  90  6:22  Extractor  
  88  6:29  Spine Crawler, Baneling  
  88  6:30  Baneling x5  
  88  6:32  Zergling x6, Hatchery  
  89  6:37  Overlord x3  
  88  6:44  Centrifical Hooks  
  88  6:46  Overlord  
  88  7:01  Drone x4  
  88  7:02  Drone x4  
  95  7:10  Zergling x2  
  95  7:11  Zergling x10  
  99  7:23  Baneling x4  
  99  7:28  Mutalisk x6  
  109  7:31  Zerg Flyer Weapons Level 1  
  109  7:34  Mutalisk x2  
  109  7:36  Hatchery  
  112  7:37  Drone x6  
  112  7:43  Drone x4  
  122  7:45  Queen  
  122  7:50  Mutalisk x2  
  126  8:10  Extractor  
  126  8:11  Extractor  
  126  8:12  Drone  
  125  8:14  Drone  
  124  8:20  Mutalisk x2  
  124  8:22  Overlord x4  
  126  8:27  Overlord x2  
  126  8:30  Queen  
  125  8:35  Drone x2  
  125  8:40  Overlord  
  127  8:42  Drone  
  127  8:46  Drone x3  
  127  8:47  Infestation Pit  
  130  8:53  Mutalisk  
  130  8:54  Mutalisk x5  
  134  9:07  Zergling x6  
  134  9:08  Zergling x18, Hatchery  
  131  9:18  Drone x2  
  131  9:19  Overseer  
  131  9:22  Spine Crawler  
  131  9:23  Drone x3  
  133  9:24  Spine Crawler  
  133  9:25  Hive  
  133  9:27  Lurker Den  
  131  9:32  Spine Crawler  
  131  9:35  Queen  
  132  9:38  Zerg Missile Weapons Level 2  
  132  9:39  Zerg Melee Weapons Level 2  
  132  9:45  Zergling x2  
  132  9:46  Zergling x18  
  142  9:57  Zergling x12  
  142  9:58  Zergling x2  
  149  10:06  Zerg Flyer Weapons Level 2  
  147  10:11  Zergling x16  
  153  10:27  Hydralisk x5  
  153  10:28  Hydralisk x5  
  173  10:34  Queen  
  174  10:38  Drone x12  
  186  10:43  Adaptive Talons  
  167  10:54  Lurker x9  
  169  11:02  Drone x6  
  169  11:03  Drone x3, Extractor  
  177  11:05  Extractor  
  177  11:07  Spine Crawler  
  177  11:09  Spine Crawler  
  177  11:10  Spine Crawler  
  177  11:11  Baneling  
  173  11:13  Baneling  
  173  11:14  Baneling x7  
  173  11:16  Hatchery  
  172  11:23  Drone x10  
  179  11:27  Overlord  
  179  11:29  Lurker  
  175  11:40  Spine Crawler x2, Seismic Spines  
  175  11:42  Spore Crawler  
  175  11:43  Spine Crawler  
  175  11:46  Viper x2  
  174  11:48  Zergling x2  
  174  11:49  Zergling x30  
  193  12:02  Baneling x3  
  187  12:21  Mutalisk  
  187  12:22  Mutalisk x10  
  199  12:28  Zerg Flyer Weapons Level 3  
  195  12:49  Hydralisk x4  
  195  12:50  Unknown  
  199  12:52  Spine Crawler x2  
  199  12:56  Spine Crawler  
  199  12:57  Zerg Melee Weapons Level 3, Zerg Missile Weapons Level 3  
  199  12:58  Unknown  
  165  13:18  Lurker x4  
  165  13:19  Zergling x10  
  182  13:20  Zergling x46  
  182  13:26  Drone  
  194  13:27  Drone x5  
  199  13:36  Burrow  
  199  13:52  Baneling x2  
  199  13:53  Baneling x11  
  154  14:10  Hydralisk x10  
  154  14:11  Hydralisk x6  
  178  14:18  Viper  
  178  14:20  Viper  
  178  14:23  Zergling x22  
  190  14:36  Drone x4  
  190  14:37  Drone x8  
  193  14:44  Lurker x6  
  193  14:45  Lurker  
  197  14:56  Lurker  
  197  14:57  Lurker x5  
  196  15:20  Greater Spire  
  195  15:27  Hatchery  
  194  15:30  Mutalisk x2  
  178  15:52  Zergling x48  
  199  15:58  Mutalisk x2  
  187  16:16  Lurker  
  182  16:22  Mutalisk x17  
  174  16:35  Zergling x2  
  174  16:36  Zergling x34  
  177  16:51  Hydralisk x10  
  194  17:08  Drone x8  

Tags
 
Add a new tag
Caveats
  • Supply blocks, unpowered buildings, or Contaminate may cause inaccurate times.
  • Supply counts are checked every 10 seconds.